cohdb
Replays
Latest Replays
All Replays
Popular Replays
Top Player Replays
Match Explorer
How It Works
Community
CoH3 Stats
Reddit
Sign in to upload your games and track your stats! →
Sign in with Steam
Match 45879173
Unlisted
Match 45879173
Overview
Messages
Build Orders
End
Engineer Squad
Selects Special Operations Battlegroup
Selects M29 Weasel Recon Vehicle
M29 Weasel Recon Vehicle
Construct Barracks
Riflemen Squad
Riflemen Squad
Infantry Support Center
Selects Smoke Screen
Construct Weapon Support Center
M1919 Machine Gun Team
M3 Armored Personnel Carrier
Construct Medical Station
Selects SSF Commando Squad
SSF Commando Squad
Advanced Logistics
SSF Commando Squad
M1919 Machine Gun Team
Selects P-47 Anti-Infantry Loiter
M1919 Machine Gun Team
Smoke Screen
P-47 Anti-Infantry Loiter
Selects M4A1 Sherman Whizbang
M4A1 Sherman Whizbang
SSF Commando Squad
M4A1 Sherman Whizbang
Smoke Screen
Selects Air Re-supply Operation
P-47 Anti-Infantry Loiter
oziligath
Lazy Ren
0
0
Comments
sign in to comment!
No comments posted yet!